 Dungeon Sprint DCSS version 0.26-a0-690-gcb57259078 (webtiles) character file.

Game seed: 14101010775302192782

1507 jfcaron the Protected (level 8, -8/80 (83) HPs)
             Began as a Minotaur Fighter on Oct 25, 2020.
             Shot with an arrow by a centaur warrior (11 damage)
             ... in the Dungeon (Sprint II: "The Violet Keep of Menkaure").
             The game lasted 00:04:10 (669 turns).

jfcaron the Protected (Minotaur Fighter)             Turns: 669, Time: 00:04:10

HP:   -8/80 (83)    AC:  0    Str: 23    XL:     8   Next: 52%
MP:   7/7           EV: 14    Int:  5    God:
Gold: 23            SH:  0    Dex:  8    Spells: 7/7 levels left

rFire    . . .     SeeInvis .   (weapon currently unavailable)
rCold    . . .     Faith    .   (shield currently unavailable)
rNeg     . . .     Spirit   .   (armour currently unavailable)
rPois    .         Reflect  .   (helmet currently unavailable)
rElec    .         Harm     .   (cloak currently unavailable)
rCorr    .         Rampage  .   (gloves currently unavailable)
MR       .....     NoTele   +   (boots currently unavailable)
Stlth    +.........             (no amulet)
HPRegen  0.23/turn              (ring currently unavailable)
MPRegen  0.10/turn              (ring currently unavailable)

@: pig-form, very slow
A: small, (retaliatory headbutt), clumsy 1
a: no special abilities


You were in the Dungeon.
You were a filthy swine.
You visited 1 branch You collected 982 gold pieces.
You spent 959 gold pieces at shops.

Inventory:

Hand Weapons
 l - the +7 lajatang of Order (melded) {silver, rMut}
   (You bought it in a shop in the Dungeon)

   It protects you from mutation.
Armour
 b - a +0 scale mail (melded)
 c - a +1 kite shield
Scrolls
 j - a scroll of blinking
 k - a scroll of identify
Potions
 d - a potion of might
 e - a potion of curing
 f - a potion of heal wounds
 g - a potion of haste
 h - 2 potions of magic
 i - a potion of berserk rage
 m - a potion of brilliance


   Skills:
 * Level 11.8 Fighting
   Level 11.2(11.4) Polearms
 * Level 2.6(7.7) Staves
 * Level 11.9 Armour
 + Level 1.5 Dodging
 - Level 11.5 Shields


You had 7 spell levels left.
You didn't know any spells.
Your spell library was empty.

Dungeon Overview and Level Annotations

Branches:
Dungeon (1/1)

Altars:

Shops:
D !*:(?}*[:[=[(!=

Annotations:
D exclusions: oklob plant and orange crystal statue, Kirke


Innate Abilities, Weirdness & Mutations

((You reflexively headbutt those who attack you in melee.))
((You have a pair of horns on your head.))
You are clumsy. (Dex -2)


Message History

Kirke hits you. Kirke gestures at you while chanting.
You barely resist.
The yaktaur captain wields a cursed -1 arbalest.
The yaktaur captain shoots a bolt.
The bolt barely misses you.
You hear a splash.
Kirke gestures at you while chanting.
You feel a momentary urge to oink.
The centaur warrior wields a +0 longbow.
The centaur warrior shoots an arrow.
The arrow hits you!!
* * * LOW HITPOINT WARNING * * *
You hear a splash.
You see here an arrow.
The centaur warrior shoots an arrow.
The arrow hits you.
* * * LOW HITPOINT WARNING * * *
You hear a splash.
The yaktaur captain shoots a bolt.
The bolt barely misses you.
You see here an arrow.
The centaur warrior shoots an arrow.
The arrow hits you!
You die...

*,,,,#$ZY..≈##≈≈,,°≈≈**,≈,,
############≈≈#+++#+++*****,
###########cK≈.......,,*,,+,
##........#≈Y≈c.##+##,,*,,**
##...⌠....#≈@≈≈###.###,****,
##..∩.∩...#≈≈≈≈#..#..#,,,,*,
##.∩.∩.∩..#((####.#.####,,**
##∩...∩.∩.#(##†###+###.##,,*
##.∩...∩.∩#h#.#.##.##†..#,,*
##∩.....∩.'≈'##.'.<.+##.+,,*
##.......∩#≈##..##.##...#,,,
#▓▓▓▓▓▓▓###≈##.###'###.##,,,
##Yll######≈≈####.#.####≈≈,,
#=Yl#F$+^##≈≈≈#.###.#≈≈≈≈≈≈
#∩PY+?.#+*#'#≈##.#.##≈≈≈≈≈≈
#(..#$##≈*#.#≈≈##+##≈≈≈≈≈≈≈
#$$.###≈≈≈####≈≈≈≈≈≈≈≈≈≈§≈≈


You could see Kirke, a yaktaur captain, an elephant, a centaur warrior, a kobold
demonologist and 2 wyverns.

Vanquished Creatures
  A blink frog (D)
  2 wyverns (D)
  4 neqoxecs (D)
  Menkaure (D)
  A water moccasin (D)
  4 necrophages (D)
  4 worker ants (D)
17 creatures vanquished.

Notes
Turn   | Place    | Note
-------+----------+-------------------------------------------
     0 | D        | jfcaron the Minotaur Fighter began the quest for the Orb.
     0 | D        | Reached XP level 1. HP: 19/19 MP: 0/0
     1 | D        | Noticed a necrophage
     1 | D        | Noticed a necrophage
     1 | D        | Noticed a necrophage
     1 | D        | Noticed a necrophage
     8 | D        | Killed a necrophage
     8 | D        | Reached skill level 5 in Polearms
     8 | D        | Reached XP level 2. HP: 28/29 MP: 1/1
     8 | D        | Reached XP level 3. HP: 35/36 MP: 2/2
     8 | D        | Reached XP level 4. HP: 41/43 MP: 3/3
    17 | D        | Killed a necrophage
    17 | D        | Reached XP level 5. HP: 40/50 MP: 4/4
    21 | D        | Killed a necrophage
    28 | D        | Killed a necrophage
    28 | D        | Reached XP level 6. HP: 34/59 MP: 5/5
    49 | D        | Killed a water moccasin
   196 | D        | Noticed a neqoxec
   196 | D        | Noticed a neqoxec
   196 | D        | Noticed a neqoxec
   196 | D        | Noticed a neqoxec
   201 | D        | Gained mutation: You are clumsy. (Dex -2) [a neqoxec]
   203 | D        | Killed a neqoxec
   203 | D        | Reached XP level 7. HP: 63/68 MP: 6/6
   212 | D        | Killed a neqoxec
   212 | D        | Reached skill level 10 in Fighting
   212 | D        | Reached skill level 10 in Armour
   212 | D        | Reached skill level 10 in Shields
   224 | D        | Killed a neqoxec
   224 | D        | Reached skill level 10 in Polearms
   230 | D        | Killed a neqoxec
   350 | D        | Noticed a wyvern
   350 | D        | Noticed a wyvern
   354 | D        | Killed a wyvern
   354 | D        | Reached XP level 8. HP: 61/79 MP: 7/7
   543 | D        | Noticed an orange crystal statue
   557 | D        | Found Uvyciduza's Jewellery Shop.
   558 | D        | Found Syno Ari's Distillery.
   558 | D        | Found Pocuo's Jewellery Shop.
   558 | D        | Found Uskodyfu's Armour Shop.
   558 | D        | Found Vysolut's Book Boutique.
   558 | D        | Found Hetubrij's Antique Armour Boutique.
   558 | D        | Found Vokoghev's General Store.
   558 | D        | Found Ypuihirph's Antique Armour Shop.
   559 | D        | Found Rimpuss's Gadget Boutique.
   560 | D        | Found Dousojan's Weapon Boutique.
   561 | D        | Found Fuamixoo's Magic Scroll Shop.
   561 | D        | Found Iwan's Antique Weapon Boutique.
   561 | D        | Noticed Menkaure
   561 | D        | Noticed an oklob plant
   575 | D        | Killed Menkaure
   579 | D        | Found Zufoiph's Assorted Antiques.
   579 | D        | Found Naykhoru's Distillery.
   579 | D        | Found Duafel's Book Shoppe.
   587 | D        | Noticed a cane toad
   588 | D        | Bought a scroll of magic mapping for 49 gold pieces
   591 | D        | Noticed a cane toad
   594 | D        | Bought a scroll labeled REINUN KISEL for 25 gold pieces
   594 | D        | Bought a scroll labeled REINUN KISEL for 25 gold pieces
   594 | D        | Bought a scroll labeled ORIRHU VOKEEQ for 25 gold pieces
   594 | D        | Bought a metallic amethyst potion for 22 gold pieces
   602 | D        | Bought the +7 lajatang of Order {silver, rMut} for 813 gold
                  | pieces
   602 | D        | Found the +7 lajatang of Order {silver, rMut}
   621 | D        | Noticed a blink frog
   640 | D        | Killed a blink frog
   640 | D        | Reached skill level 1 in Dodging
   650 | D        | Noticed a centaur warrior
   650 | D        | Noticed Kirke
   650 | D        | Noticed a skeletal warrior
   651 | D        | Noticed an elephant
   651 | D        | Noticed a yaktaur captain
   651 | D        | Noticed a kobold demonologist
   667 | D        | HP: 9/80 [centaur warrior/arrow (26)]
   668 | D        | HP: 3/80 [centaur warrior/arrow (6)]
   669 | D        | Shot with an arrow by a centaur warrior

Illustrated notes

Levels and vault maps discovered:
D:        the_violet_keep_of_menkaure [sprint2_stairs_cluster_1,
          sprint2_shoproom, sprint2_temple, sprint2_basic_supplies,
          sprint2_obstacle_4, sprint2_obstacle_5, sprint2_obstacle_1,
          sprint2_obstacle_7, sprint2_obstacle_3, sprint2_timed_cluster_1,
          sprint2_smallroom_cluster_1, sprint2_smallroom_final_cluster_1,
          sprint2_transparent_cluster_1, sprint2_second_timed_cluster_1,
          sprint2_sniper_area_1, sprint2_heavy_combat_area_1,
          sprint2_mutation_trap_area_1, sprint2_forest_area_1,
          sprint2_light_combat_area_1, sprint2_behind_water_1,
          sprint2_near_end_vault_1]

Skill      XL: |  1  2  3  4  5  6  7  8 |
---------------+-------------------------+-----
Fighting       | 6 7 8 9 11 | 11.8
Polearms       | 5 6 8 9 10 11 | 11.2
Armour         | 6 7 8 9 11 | 11.9
Shields        | 6 7 8 9 11 | 11.5
Staves         | 2 |  2.6
Dodging        | 1 |  1.5

Action                   |  1- 3 |  4- 6 |  7- 9 || total
-------------------------+-------+-------+-------++-------
Melee: Trident           |     7 |    42 |    46 ||    95
       Headbutt          |     1 |     8 |     8 ||    17
       Unarmed           |       |       |    10 ||    10
       Lajatang          |       |       |     6 ||     6
  Use: Scroll            |       |       |     3 ||     3
Armor: Scale mail        |       |     5 |     8 ||    13
Dodge: Dodged            |     3 |     6 |    14 ||    23
Block: Kite shield       |     2 |    14 |    14 ||    30

Table legend: (Time is in decaauts)
 A = Elapsed time spent in this place.
 B = Non-inter-level travel time spent in this place.
 C = Inter-level travel time spent in this place.
 D = Time resting spent in this place.
 E = Time spent auto-exploring this place.
 F = Levels seen in this place.
 G = Mean time per level.
                   A        B        C        D        E       F      G
               +--------+--------+--------+--------+--------+-----+--------+
         Total |    674 |    666 |      8 |    406 |      0 |   1 |  674.0 |
       Dungeon |    674 |    666 |      8 |    406 |      0 |   1 |  674.0 |
               +--------+--------+--------+--------+--------+-----+--------+

Top non-repeatable levels by time:
       D: 674 daAuts
